 Dungeon Crawl Stone Soup version 0.28.0-47-ge53b351184 (webtiles) character file.

Game seed: 108979530472053887

2009 hawla the Stinger (level 9, -1/64 HPs)
             Began as a Purple Draconian Venom Mage on Apr 25, 2022.
             Was an Initiate of Vehumet.
             Slain by Duvessa
             ... wielding a +0 rapier
              (17 damage)
             ... on level 6 of the Dungeon.
             The game lasted 00:30:54 (7724 turns).

hawla the Stinger (Purple Draconian Venom Mage)     Turns: 7724, Time: 00:30:55

Health: -1/64      AC:  9    Str: 11    XL:     9   Next: 2%
Magic:  14/27      EV: 13    Int: 19    God:    Vehumet [......]
Gold:   153        SH:  0    Dex: 18    Spells: 11/20 levels left

rFire   + . .      SeeInvis .   d - +4 quarterstaff (vorpal)
rCold   . . .      Faith    .   (shield currently unavailable)
rNeg    . . .      Spirit   .   (armour unavailable)
rPois   .          Reflect  .   (helmet restricted)
rElec   .          Harm     .   k - +0 cloak
rCorr   .          Rampage  .   (no gloves)
Will    +....      Clarity  +   g - +0 pair of boots
Stlth   ++........              (no amulet)
HPRegen 0.20/turn               j - +6 ring of dexterity
MPRegen 0.20/turn               m - ring of magical power

@: flying, very slightly contaminated, unable to read
A: breathe power, AC +7, unfitting armour, cold-blooded, big wings, clarity,
fire resistance 1, inability to read while threatened
a: Breathe Dispelling Energy, Renounce Religion


You were on level 6 of the Dungeon.
You worshipped Vehumet.
Vehumet was noncommittal.
You visited 2 branches of the dungeon, and saw 7 of its levels.

You collected 219 gold pieces.
You spent 66 gold pieces at shops.

Inventory:

Hand Weapons
 d - a +4 vorpal quarterstaff (weapon)
Missiles
 e - 4 silver javelins
 o - 5 poisoned darts (quivered)
Armour
 g - a +0 pair of boots (worn)
 k - a +0 cloak (worn)
Jewellery
 c - the ring "Buirgh" {rPois rN+ Dex+6}
   (You found it on level 6 of the Dungeon)

   [ring of dexterity]

   Dex:       It affects your dexterity (+6).
   rPois:     It protects you from poison.
   rN:        It protects you from negative energy.
 i - a +6 ring of intelligence
 j - a +6 ring of dexterity (left hand)
 m - a ring of magical power (right hand)
Scrolls
 a - a scroll of teleportation
 b - a scroll of silence
 f - a scroll of fear {unknown}
 l - a scroll of fog
 n - 3 scrolls of identify
 p - a scroll of amnesia {unknown}
Potions
 h - a potion of curing


   Skills:
 - Level 1.3 Fighting
 - Level 2.3 Staves
 - Level 0.6 Throwing
 - Level 2.8 Dodging
 - Level 3.1 Stealth
 + Level 6.1 Spellcasting
 + Level 4.4 Conjurations
 + Level 5.3 Transmutations
 - Level 2.0 Air Magic
 - Level 6.4 Poison Magic


You had 11 spell levels left.
You knew the following spells:

 Your Spells              Type           Power      Damage    Failure   Level
a - Sting                 Tmut/Pois      100%       1d8       1%          1
b - Poisonous Vapours     Pois/Air       42%        N/A       3%          2
c - Searing Ray           Conj           44%        2d6       2%          2
d - Olgreb's Toxic Radia  Pois           30%        N/A       8%          4

Your spell library contained the following spells:

 Spells                   Type           Power      Damage    Failure   Level
 Magic Dart               Conj           88%        1d7       1%          1
 Static Discharge         Conj/Air       18%        N/A       4%          2
 Mephitic Cloud           Conj/Pois/Air  22%        N/A       6%          3
 Animate Skeleton         Necr           10%        N/A       11%         1
 Apportation              Tloc           10%        N/A       11%         1
 Summon Small Mammal      Summ           20%        N/A       11%         1
 Sublimation of Blood     Necr           5%         N/A       17%         2
 Gell's Gravitas          Tloc           5%         N/A       32%         3
 Lesser Beckoning         Tloc           5%         N/A       32%         3
 Teleport Other           Tloc           5%         N/A       32%         3
 Petrify                  Tmut/Erth      16%        N/A       36%         4
 Irradiate                Conj/Tmut      12%        3d18      38%         5
 Fulminant Prism          Conj/Hex       7%         3d7       41%         4
 Lightning Bolt           Conj/Air       9%         1d21      63%         5
 Maxwell's Capacitive Co  Air            6%         ∞         100%        8


Dungeon Overview and Level Annotations

Branches:
Dungeon (6/15)             Temple (1/1) D:6

Altars:
Ashenzari
Cheibriados
Dithmenos
Elyvilon
Fedhas
Gozag
Kikubaaqudgha
Makhleb
Nemelex Xobeh
Okawaru
Qazlal
Ru
Sif Muna
Trog
Vehumet
Wu Jian
Yredelemnul
Zin
The Shining One

Shops:
D:4 [(*(!

Annotations:
D:3 3 runed translucent doors, ghosts, hawla's ghost, amateur DrVM
D:6 Duvessa


Innate Abilities, Weirdness & Mutations

You can breathe bolts of dispelling energy.
Your rich purple scales are hard. (AC +7)
You cannot fit into any form of body armour.
You are cold-blooded and may be slowed by cold attacks.
Your large and strong wings let you fly.
You possess an exceptional clarity of mind.
Your flesh is heat resistant. (rF+)
You sometimes lose the ability to read scrolls when taking damage.


Message History

The gnoll looks even sicker. x2; The gnoll sergeant is poisoned.
Your toxic aura wanes.
Duvessa hits you with a +0 rapier!
A gnoll comes into view. It is wielding a +0 halberd.
The gnoll hits you from afar with a +0 spear.
Duvessa closely misses you. Duvessa barely misses you.
The gnoll closely misses you.
Casting: Poisonous Vapours (safe; 3% risk of failure)
Confirm with . or Enter, or press ? or * to list all spells.
Aiming: Poisonous Vapours (safe; 3% risk of failure)
Press: ? - help, Dir - move target, f/p - Duvessa
Aim: Duvessa, wielding a +0 rapier, wearing a +0 leather armour and carrying a wand of flame (14) (lightly wounded, berserk, very poisoned) Poisonous vapours surround Duvessa!
Duvessa looks as sick as possible!
Duvessa hits you with a +0 rapier!
You feel threatened and lose the ability to read scrolls!
Duvessa hits you with a +0 rapier.
Casting: Poisonous Vapours (safe; 3% risk of failure)
Confirm with . or Enter, or press ? or * to list all spells.
Aiming: Searing Ray (safe; 2% risk of failure)
Press: ? - help, Shift-Dir - straight line, f - gnoll, p - Duvessa
Aim: a gnoll, wielding a +0 spear (almost dead, very poisoned, 81% to hit)
The searing ray hits Duvessa.
Duvessa is moderately wounded.
The searing ray misses the gnoll sergeant.
The searing ray hits the gnoll!
You kill the gnoll!
Vehumet accepts your kill. (Press . to maintain the ray.) Duvessa hits you with a +0 rapier!
A white imp comes into view.
You cannot read scrolls in your current state!
Okay, then.
The iguana looks more healthy.
Duvessa hits you with a +0 rapier.
The gnoll sergeant hits you with a +0 trident.
* * * LOW HITPOINT WARNING * * *
The gnoll misses you. Duvessa misses you.
The gnoll sergeant looks more healthy.
The gnoll sergeant misses you. The gnoll barely misses you.
The gnoll misses you. Duvessa hits you with a +0 rapier!
You die...

........<..##### #
(..............+ .#
........ge##...# .#
##......[.##>..######.###
##...)....##...##.......#
......)...##..)...#.....#
##......g.))..g#g5#<....#
#####....##..g.leg#........
......e..##.....@.#.....#.#
#####...###.......#........
#...# #.......#...#...<
#.g.# #...........##..#
#...# #....#......# ...
.g..# #....#......# .#
#....# #....#...... #....#
#....##.....#


You could see Duvessa (berserk, very poisoned), a gnoll sergeant, an iguana, 3
gnolls and a white imp.

Vanquished Creatures
  Prince Ribbit (D:6)
  4 yaks (D:5)
  Eustachio (D:5)
  Menkaure (D:4)
  A sky beast (D:5)
  A necrophage (D:4)
  A centaur (D:5)
  A phantom (D:5)
  A bullfrog (D:6)
  A wyvern skeleton (D:6)
  Dowan (D:6)
  A hound (D:4)
  Crazy Yiuf (D:2)
  A gnoll shaman (D:6)
  4 orc priests
  An iguana (D:4)
  A killer bee zombie (D:6)
  12 gnolls
  5 adders
  3 white imps (D:5)
  An ufetubus (D:5)
  An adder skeleton (D:4)
  8 orcs
  A bat (D:3)
  9 endoplasms
  2 giant cockroaches (D:4)
  8 goblins
  A hobgoblin (D:3)
  4 kobolds
  4 quokkas
  4 ball pythons
  A frilled lizard (D:1)
  4 rats
  A butterfly (D:6)
92 creatures vanquished.

Vanquished Creatures (others)
  3 fungi (D:3)
  A plant (D:3)
4 creatures vanquished.

Grand Total: 96 creatures vanquished

Notes
Turn   | Place    | Note
-------+----------+-------------------------------------------
     0 | D:1      | hawla the Draconian Venom Mage began the quest for the Orb.
     0 | D:1      | Reached XP level 1. HP: 14/14 MP: 3/3
   369 | D:1      | Found a faded altar of an unknown god.
   374 | D:1      | Got Plato's Incunabulum of Summoning
   663 | D:1      | Reached XP level 2. HP: 14/20 MP: 0/5
   666 | D:1      | Learned a level 2 spell: Poisonous Vapours
   669 | D:1      | Learned a level 2 spell: Searing Ray
  1581 | D:2      | Reached XP level 3. HP: 26/26 MP: 1/7
  1840 | D:2      | Reached XP level 4. HP: 27/33 MP: 0/8
  1965 | D:1      | Learned a level 4 spell: Olgreb's Toxic Radiance
  2283 | D:2      | Found a runed translucent door.
  2284 | D:2      | Noticed Crazy Yiuf
  3184 | D:2      | Gained mutation: You sometimes lose the ability to read
                  | scrolls when taking damage. [potion of mutation]
  3184 | D:2      | Gained mutation: Your large and strong wings let you fly.
                  | [potion of mutation]
  3184 | D:2      | Gained mutation: You possess an exceptional clarity of
                  | mind. [potion of mutation]
  3184 | D:2      | Gained mutation: Your flesh is heat resistant. (rF+)
                  | [potion of mutation]
  3212 | D:2      | Killed Crazy Yiuf
  3380 | D:3      | Reached XP level 5. HP: 34/38 MP: 10/10
  3715 | D:3      | Found a runed translucent gate.
  3715 | D:3      | Found a runed translucent gate.
  3715 | D:3      | Found a runed translucent gate.
  3715 | D:3      | Noticed hawla's ghost (amateur DrVM)
  3966 | D:3      | Found an opulent altar of Gozag.
  4299 | D:4      | Found Cuoguhan's Weapon Shoppe.
  4741 | D:4      | Noticed a necrophage
  4748 | D:4      | Killed a necrophage
  4749 | D:4      | Reached skill level 1 in Fighting
  4749 | D:4      | Reached skill level 1 in Staves
  4749 | D:4      | Reached skill level 1 in Air Magic
  4749 | D:4      | Reached XP level 6. HP: 46/47 MP: 11/11
  4860 | D:4      | Found Noiriret's Antique Armour Emporium.
  4898 | D:4      | Found Gosof's Assorted Antiques.
  5022 | D:4      | Noticed Menkaure
  5225 | D:4      | Found Feuw Ynu's Distillery.
  5233 | D:4      | Bought a potion of curing for 33 gold pieces
  5233 | D:4      | Bought a potion of lignification for 33 gold pieces
  5241 | D:4      | Killed Menkaure
  5601 | D:4      | Found Murirof's Weapon Emporium.
  5704 | D:5      | Entered Level 5 of the Dungeon
  5732 | D:5      | Your scales start taking on a rich purple colour.
  5732 | D:5      | Reached XP level 7. HP: 51/52 MP: 14/14
  5765 | D:5      | Reached skill level 5 in Poison Magic
  6115 | D:5      | Reached skill level 5 in Spellcasting
  6115 | D:5      | Reached skill level 1 in Conjurations
  6353 | D:5      | Noticed Eustachio
  6365 | D:5      | Killed Eustachio
  6514 | D:5      | Noticed a yak
  6514 | D:5      | Noticed a yak
  6517 | D:5      | Noticed a yak
  6517 | D:5      | Noticed a yak
  6528 | D:5      | Killed a yak
  6528 | D:5      | Killed a yak
  6529 | D:5      | Reached XP level 8. HP: 16/59 MP: 12/16
  6943 | D:6      | Noticed Prince Ribbit
  6954 | D:6      | Killed Prince Ribbit
  6955 | D:6      | Reached skill level 5 in Transmutations
  7201 | D:6      | Found a staircase to the Ecumenical Temple.
  7232 | Temple   | Entered the Ecumenical Temple
  7560 | Temple   | Became a worshipper of Vehumet
  7608 | D:6      | Noticed Dowan
  7617 | D:6      | Identified the ring "Buirgh" {rPois rN+ Dex+6}
  7618 | D:6      | Noticed Duvessa
  7629 | D:6      | Killed Dowan
  7630 | D:6      | Reached XP level 9. HP: 64/64 MP: 17/18
  7724 | D:6      | Slain by Duvessa

Illustrated notes

Levels and vault maps discovered:
D:1:      sevenhm_arrival_forest_fort_small_3, layout_basic,
          shapermc_ecumenical_altar_rom_forum, serial_bayou,
          serial_bayou_pond_c, serial_bayou_crossing, serial_bayou_pond_c,
          serial_bayou_pond_e, minmay_worlds_worst_comb
D:2:      layout_rooms, minmay_liquid_box, uniq_crazy_yiuf_cottage
D:3:      layout_loops_corners, grunt_gozag_statues,
          gammafunk_ghost_nasty_kobolds
D:4:      layout_cave_pods, serial_shops, shop, kennysheep_little_box,
          shop_fountains, nicolae_shop_crystal, nicolae_shop_stone,
          minmay_misc_feat_four_crosses, uniq_menkaure
D:5:      layout_basic, st_stairs_4, uniq_eustachio
D:6:      lemuel_insect_pit, layout_basic, minmay_temple_entry_butterflies,
          uniq_duvessa, uniq_grinder, uniq_sigmund, uniq_prince_ribbit1,
          uniq_edmund
Temple:   compressed_dpeg_triangle_lava_temple

Skill      XL: |  1  2  3  4  5  6  7  8 |
---------------+-------------------------+-----
Stealth        | 2 3 |  3.1
Dodging        | 2 |  2.8
Spellcasting   | 3 4 5 6 |  6.1
Poison Magic   | 4 6 |  6.4
Fighting       | 1 |  1.3
Staves         | 1 2 |  2.3
Air Magic      | 1 2 |  2.0
Conjurations   | 2 4 |  4.4
Transmutations | 3 5 |  5.3
Throwing       | |  0.6

Action                   |  1- 3 |  4- 6 |  7- 9 || total
-------------------------+-------+-------+-------++-------
Melee: Unarmed           |    27 |    23 |       ||    50
       Tailslap          |     4 |     7 |     3 ||    14
       Punch             |     1 |       |       ||     1
       Quarterstaff      |       |    45 |    32 ||    77
Throw: Dart              |       |     5 |     3 ||     8
 Cast: Sting             |    28 |    11 |       ||    39
       Poisonous Vapours |     6 |     7 |     8 ||    21
       Searing Ray       |     5 |     8 |    11 ||    24
       Olgreb's Toxic Ra |       |     7 |    16 ||    23
  Use: Scroll            |       |     9 |       ||     9
       Potion            |       |     3 |     4 ||     7
 Stab: Sleeping          |       |     4 |       ||     4
Armor: Skin              |     7 |    22 |    17 ||    46
Dodge: Dodged            |    18 |    54 |    34 ||   106
